 Dungeon Crawl Stone Soup version 0.30-a0-557-ge2afbf3030 (webtiles) character file.

Game seed: 3124149841209924616

60 MineK the Poker (level 4, -1/37 (38) HPs)
             Began as a Gnoll Reaver on Dec 27, 2022.
             Slain by Crazy Yiuf
             ... wielding a +4 quarterstaff of chaos
              (2 damage)
             ... on level 3 of the Dungeon.
             The game lasted 00:14:30 (1672 turns).

MineK the Poker (Gnoll Reaver)                      Turns: 1672, Time: 00:14:30

HP:   -1/37 (38)    AC:  5    Str: 11    XL:     4   Next: 6%
MP:   11/11         EV: 12    Int: 14    God:
Gold: 79            SH:  0    Dex: 11    Spells: 12/13 levels left

rFire   . . .      SeeInvis +    g - +2 hand axe (freeze)
rCold   . . .      Faith    .    (no shield)
rNeg    . . .      Spirit   .    b - +0 leather armour
rPois   .          Reflect  .    (no helmet)
rElec   .          Harm     .    (no cloak)
rCorr   .          Rampage  .    a - +1 pair of gloves
Will    .....                    (no boots)
Stlth   +                        (no amulet)
HPRegen 0.26/turn                e - ring of see invisible
MPRegen 0.12/turn                (no ring)

@: lightly drained
A: fangs 1, strong nose, distributed training
a: no special abilities


You were on level 3 of the Dungeon.
You visited 1 branch of the dungeon, and saw 3 of its levels.

You collected 112 gold pieces.
You spent 33 gold pieces at shops.

Inventory:

Hand Weapons
 g - a +2 hand axe of freezing (weapon)
 q - a +2 whip of flaming
Armour
 a - a +1 pair of gloves (worn)
 b - a +0 leather armour (worn)
 o - a scarf of harm
Magical Staves
 n - a staff of conjuration
Jewellery
 e - a ring of see invisible (left hand)
Scrolls
 c - a scroll of enchant weapon
 d - a scroll of enchant armour
 h - a scroll of teleportation
 i - 2 scrolls of identify
 j - a scroll of butterflies {unknown}
 m - a scroll of immolation {unknown}
Potions
 f - a potion of resistance {unknown}
 k - a potion of degeneration {unknown}
 l - a potion of lignification {unknown}
 p - a potion of curing


   Skills:
 + Level 4.6 Fighting
 + Level 1.0 Short Blades
 + Level 1.0 Long Blades
 + Level 1.0 Axes
 + Level 1.0 Maces & Flails
 + Level 6.6 Polearms
 + Level 1.0 Staves
 + Level 1.0 Ranged Weapons
 + Level 1.0 Throwing
 + Level 1.0 Armour
 + Level 4.6 Dodging
 + Level 1.0 Stealth
 + Level 1.0 Shields
 + Level 1.0 Unarmed Combat
 + Level 5.0 Spellcasting
 + Level 5.4 Conjurations
 + Level 0.8 Hexes
 + Level 0.8 Summonings
 + Level 0.8 Necromancy
 + Level 0.8 Translocations
 + Level 0.8 Transmutations
 + Level 0.8 Fire Magic
 + Level 0.8 Ice Magic
 + Level 0.8 Air Magic
 + Level 0.8 Earth Magic
 + Level 0.8 Poison Magic
 + Level 1.1 Invocations
 + Level 1.0 Evocations


You had 12 spell levels left.
You knew the following spells:

 Your Spells              Type           Power      Damage    Failure   Level
a - Kiss of Death         Conj/Necr      48%        2d9       6%          1

Your spell library contained the following spells:

 Spells                   Type           Power      Damage    Failure   Level
 Momentum Strike          Conj/Tloc      24%        3d8       10%         2
 Necrotise                Necr           20%        1d5       16%         1
 Hailstorm                Conj/Ice       12%        3d5       19%         3
 Vampiric Draining        Necr           5%         2d6       43%         3
 Agony                    Necr           5%         N/A       99%         5


Dungeon Overview and Level Annotations

Branches:
Dungeon (3/15)

Altars:

Shops:
D:2 *

Annotations:
D:3 Crazy Yiuf


Innate Abilities, Weirdness & Mutations

You have very sharp teeth.
Your uncanny sense of smell can sniff out nearby items.
Your experience applies equally to all skills.


Message History

You closely miss the goblin. Your bite misses the goblin.
The goblin hits you but does no damage.
You barely miss the goblin. Your bite misses the goblin.
The goblin barely misses you.
You hit the goblin. You freeze the goblin.
You kill the goblin!
Things that are here:
a +0 dagger; a goblin corpse
i - 4 scrolls labelled KUNI YC QURYETT (gained 1)
Found a short sword.
Found a mace.
You see here a +0 mace.
Found a stone staircase leading down.
As you read the scroll labelled KUNI YC QURYETT, it crumbles to dust.
It is a scroll of identify.
c - a scroll of enchant weapon
As you read the scroll of identify, it crumbles to dust.
h - a scroll of teleportation
There is a stone staircase leading down here.
A rat comes into view.
The rat misses you.
You hit the rat. You freeze the rat.
You kill the rat!
Found a hammer.
Found a runed translucent door.
You open the door.
Crazy Yiuf shouts!
There is an open translucent door here.
You hit Crazy Yiuf. You freeze Crazy Yiuf.
You bite Crazy Yiuf, but do no damage.
Crazy Yiuf is moderately wounded.
Crazy Yiuf screams, "Action alas pontify!"
Crazy Yiuf hits you with a +4 quarterstaff of chaos!
You are electrocuted!!
Ouch! That really hurt!
* * * LOW HITPOINT WARNING * * *
Crazy Yiuf attacks as you move away!
Crazy Yiuf hits you with a +4 quarterstaff of chaos.
* * * LOW HITPOINT WARNING * * *
Crazy Yiuf burns you.
You die...

### ..# #.# #.# #.#
#######
#.###...#.### ####
#.#......#..##...#
###.......####@g...#
##.....#..## ###..)#
##....###### ####
........# ##....###
#....# #.#### #.#
#.#


You could see Crazy Yiuf.

Vanquished Creatures
  2 adders (D:2)
  6 bats
  2 endoplasms
  2 giant cockroaches
  3 goblins
  6 hobgoblins
  3 quokkas (D:1)
  7 ball pythons
  A frilled lizard (D:2)
  5 kobolds (D:1)
  3 rats
40 creatures vanquished.

Notes
Turn   | Place    | Note
-------+----------+-------------------------------------------
     0 | D:1      | MineK the Gnoll Reaver began the quest for the Orb.
     0 | D:1      | Reached XP level 1. HP: 20/20 MP: 6/6
   125 | D:1      | Reached XP level 2. HP: 22/26 MP: 7/7
   312 | D:1      | Found a faded altar of an unknown god.
   740 | D:1      | Reached skill level 5 in Spellcasting
   740 | D:1      | Reached XP level 3. HP: 23/24 MP: 7/9
  1074 | D:2      | Reached skill level 1 in Invocations
  1177 | D:2      | Reached skill level 1 in Short Blades
  1177 | D:2      | Reached skill level 1 in Long Blades
  1177 | D:2      | Reached skill level 1 in Axes
  1177 | D:2      | Reached skill level 1 in Maces & Flails
  1177 | D:2      | Reached skill level 1 in Staves
  1177 | D:2      | Reached skill level 1 in Ranged Weapons
  1177 | D:2      | Reached skill level 1 in Throwing
  1177 | D:2      | Reached skill level 1 in Armour
  1177 | D:2      | Reached skill level 1 in Stealth
  1177 | D:2      | Reached skill level 1 in Shields
  1177 | D:2      | Reached skill level 1 in Unarmed Combat
  1177 | D:2      | Reached skill level 1 in Evocations
  1285 | D:2      | Reached XP level 4. HP: 37/37 MP: 11/11
  1351 | D:2      | Found Rull's General Store.
  1361 | D:2      | Bought a potion of curing for 33 gold pieces
  1664 | D:3      | Found a runed translucent door.
  1665 | D:3      | Noticed Crazy Yiuf
  1672 | D:3      | HP: 1/37 [Crazy Yiuf/+4 quarterstaff of chaos (6)]
  1672 | D:3      | Slain by Crazy Yiuf

Illustrated notes

Levels and vault maps discovered:
D:1:      minmay_arrival_glassed_features, layout_basic,
          dreamdust_ecumenical_altar_angels_and_demons
D:2:      layout_rooms, serial_shops, nicolae_shop_hallway_plus, hex_tiny
D:3:      layout_loops_corners, grunt_temple_overflow_lords_of_destruction,
          nicolae_hepliaklqana_hazy_memory, minmay_gold_behind_fungi,
          uniq_crazy_yiuf_cottage

Skill      XL: |  1  2  3 |
---------------+----------+-----
Spellcasting   | 5 |  5.0
Invocations    | 1 |  1.1
Short Blades   | 1 |  1.0
Long Blades    | 1 |  1.0
Axes           | 1 |  1.0
Maces & Flails | 1 |  1.0
Staves         | 1 |  1.0
Ranged Weapons | 1 |  1.0
Throwing       | 1 |  1.0
Armour         | 1 |  1.0
Stealth        | 1 |  1.0
Shields        | 1 |  1.0
Unarmed Combat | 1 |  1.0
Evocations     | 1 |  1.0
Fighting       | |  4.6
Polearms       | |  6.6
Dodging        | |  4.6
Conjurations   | |  5.4
Hexes          | |  0.8
Summonings     | |  0.8
Necromancy     | |  0.8
Translocations | |  0.8
Transmutations | |  0.8
Fire Magic     | |  0.8
Ice Magic      | |  0.8
Air Magic      | |  0.8
Earth Magic    | |  0.8
Poison Magic   | |  0.8

Action                   |  1- 3 |  4- 6 || total
-------------------------+-------+-------++-------
Melee: Spear             |    60 |       ||    60
       Bite              |     7 |     1 ||     8
       Hand axe          |    44 |     7 ||    51
 Cast: Kiss of Death     |     2 |       ||     2
  Use: Scroll            |     1 |     2 ||     3
 Stab: Sleeping          |     1 |       ||     1
Armor: Leather armour    |    30 |     2 ||    32
Dodge: Dodged            |    56 |     4 ||    60

Table legend: (Time is in decaauts)
 A = Elapsed time spent in this place.
 B = Non-inter-level travel time spent in this place.
 C = Inter-level travel time spent in this place.
 D = Time resting spent in this place.
 E = Time spent auto-exploring this place.
 F = Levels seen in this place.
 G = Mean time per level.
                   A        B        C        D        E       F      G
               +--------+--------+--------+--------+--------+-----+--------+
         Total |   1670 |   1670 |      0 |      0 |   1158 |   3 |  556.7 |
       Dungeon |   1670 |   1670 |      0 |      0 |   1158 |   3 |  556.7 |
               +--------+--------+--------+--------+--------+-----+--------+

Top non-repeatable levels by time:
     D:1: 974 daAuts
     D:2: 567 daAuts
     D:3: 127 daAuts
